Connexion

SEATTLE Kraken vs SAN JOSE Sharks

Created - 6 avril 2024 at 06:00

Goals
1 2 3 T
SEATTLE Kraken 0 3 3 6
SAN JOSE Sharks 1 1 0 2
Shots
1 2 3 T
SEATTLE Kraken 10 12 13 35
SAN JOSE Sharks 7 8 8 23

GoalsPenalties
1st period
1. SAN JOSE Sharks , Christian Jaros 9 (Sean Couturier 31) at 17:55 (PP)
Rasmus Ristolainen (S.J) for Tripping (Minor) at 1:00
Vincent Desharnais (S.J) for Tripping (Minor) at 6:50
Wyatt Johnston (SEA) for Holding (Minor) at 6:50
Sean Monahan (SEA) for High sticking (Minor) at 9:39
Kris Letang (SEA) for Delaying the game (Minor) at 14:51
Auston Matthews (SEA) for Tripping (Minor) at 17:34
2nd period
2. SEATTLE Kraken , Sean Monahan 35 (Jason Robertson 43, Samuel Girard 46) at 0:41
3. SAN JOSE Sharks , Tom Wilson 25 (Sean Couturier 32, Cody Ceci 18) at 4:38
4. SEATTLE Kraken , Auston Matthews 45 (Jamie Drysdale 31, Wyatt Johnston 21) at 14:44
5. SEATTLE Kraken , Auston Matthews 46 (David Pastrnak 50, Jamie Drysdale 32) at 17:26
Ondrej Palat (S.J) for Interference (Minor) at 1:53
Rasmus Ristolainen (S.J) for Cross-checking (Minor) at 5:37
Ondrej Palat (S.J) for Cross-checking (Minor) at 12:44
3rd period
6. SEATTLE Kraken , Rasmus Dahlin 9 (Jason Robertson 44) at 11:09 (PP)
7. SEATTLE Kraken , Jason Robertson 42 (Jonathan Drouin 35, Kris Letang 39) at 14:22
8. SEATTLE Kraken , Wyatt Johnston 15 (Jason Robertson 45, Kris Letang 40) at 19:18 (PP)
Michael McLeod (S.J) for Roughing (Minor) at 2:46
Nathan Beaulieu (S.J) for Tripping (Minor) at 6:08
Nathan Beaulieu (S.J) for Tripping (Minor) at 11:07
Christian Jaros (S.J) for Slashing (Minor) at 17:57
Goalie Stats
Spencer Knight (SEA), 21 saves from 23 shots - (0,913), W, 21-9-4, 60:00 minutes
Brian Elliott (S.J), 29 saves from 35 shots - (0,829), L, 5-15-1, 60:00 minutes
3 StarsOfficial
1 - Jason Robertson (SEA)
2 - Auston Matthews (SEA)
3 - Jamie Drysdale (SEA)
Referees : Tim Peel and Dave Jackson
Linesman : Vaughan Rody and Don Henderson
Game Note
Brendan Perlini is injured at 17:14 of 1st period (Fractured Metatarsal (Right Foot))
Derek Stepan is injured at 11:56 of 3rd period (Strained Right Knee)
Finance
Level 1 -- Attendance: 5795 (96,58%) -- Ticket Income $724,375
Level 2 -- Attendance: 4496 (100,00%) -- Ticket Income $400,144
Level 3 -- Attendance: 1718 (85,90%) -- Ticket Income $94,490
Level 4 -- Attendance: 3383 (84,58%) -- Ticket Income $135,320
Luxury Box -- Attendance: 1000 (100,00%) -- Ticket Income $242,000
Game was played at the HP Pavilion.
Total Attendance: 16392 (93,69%)
Total Ticket Income: $1,596,329
Other Income: $319,266
Total Income: $1,915,595



Team Name Goals Shots Shots Attemp Shots Blocked PIM HIT PP PK FO%
SEATTLE Kraken 6356638132 / 8 (25%)146%
SAN JOSE Sharks 22345818221 / 3 (33%)254%

SEATTLE Kraken
Player Name POS G A P +/- PIM HIT SHT SB MP PP MP PP SHT PK MP PK SHT FO% FOT
Alec MartinezD0000000114:450:0002:3400% 0
Alex OvechkinLW0001011010:560:0000:2000% 0
Andrei KuzmenkoLW000000100:240:2410:0000% 0
Artemi PanarinLW0001012019:506:1610:0000% 2
Auston MatthewsC2021235022:027:0100:36048% 33
Brock BoeserRW000000107:070:0002:300100% 3
David PastrnakRW0112004030:248:4710:00050% 2
Jamie DrysdaleD0222010019:316:0200:0000% 0
Jani HakanpaaD0000010113:470:2401:1200% 0
Jason RobertsonLW/RW1341017026:206:3742:55060% 5
Joe PavelskiC/LW/RW0001001011:400:0001:04039% 18
Jonathan DrouinLW/RW0111011015:470:0000:0000% 1
Julien GauthierRW000000000:000:0000:0000% 0
Kris LetangD0221234123:326:0241:1900% 0
Rasmus DahlinD1011002025:477:1521:4800% 0
Samuel GirardD0112013022:376:5121:4500% 0
Sean MonahanC1011202024:126:1611:13044% 36
Wyatt JohnstonC112020104:574:3010:0000% 1
SAN JOSE Sharks
Player Name POS G A P +/- PIM HIT SHT SB MP PP MP PP SHT PK MP PK SHT FO% FOT
Brendan PerliniLW/RW000000001:560:0000:0000% 0
Christian JarosD101-1232121:301:5515:2400% 0
Cody CeciD011-1000111:110:0000:2200% 0
Connor BrownRW0000001013:010:0000:0000% 0
Derek StepanC/LW/RW000-1002017:362:2403:31017% 6
Erik HaulaC/LW000003009:520:0001:05060% 10
Josh AndersonRW000-101107:210:0002:46050% 2
Lucas RaymondLW000-100609:590:0000:0000% 0
Marcus PetterssonD000-1010327:212:2407:3400% 0
Michael McLeodC000-120004:340:0000:00075% 12
Mike HoffmanC/LW000-1002015:091:5500:000100% 1
Nathan BeaulieuD000-1460221:061:5505:0100% 0
Ondrej PalatLW000-1411023:392:2416:0800% 1
Rasmus RistolainenD000-1430125:102:2405:2500% 0
Sean Couturier C022-1001015:371:5500:28047% 19
Tom WilsonRW101-1023019:471:5503:5910% 1
Vincent DesharnaisD000-1200013:360:0002:4800% 0
Zemgus GirgensonsC/LW/RW000-1024026:102:2408:37157% 49



Play-by-Play

1st period


0:01 of 1st period - Zemgus Girgensons wins face-off versus Auston Matthews in neutral zone.
0:04 of 1st period - Shot by Derek Stepan.
0:04 of 1st period - Stopped by Spencer Knight without a rebound.
0:05 of 1st period - Jason Robertson wins face-off versus Sean Couturier in SEATTLE Kraken zone.
0:15 of 1st period - Shot by Mike Hoffman.
0:15 of 1st period - Stopped by Spencer Knight without a rebound.
0:16 of 1st period - Erik Haula wins face-off versus Joe Pavelski in SEATTLE Kraken zone.
0:49 of 1st period - Shot by Joe Pavelski.
0:49 of 1st period - Stopped by Brian Elliott without a rebound.
0:50 of 1st period - Sean Monahan wins face-off versus Derek Stepan in SAN JOSE Sharks zone.
1:00 of 1st period - Minor Penalty to Rasmus Ristolainen for Tripping.
1:01 of 1st period - Zemgus Girgensons wins face-off versus Auston Matthews in SAN JOSE Sharks zone.
1:23 of 1st period - Icing by Rasmus Dahlin.
1:24 of 1st period - Auston Matthews wins face-off versus Derek Stepan in SEATTLE Kraken zone.
1:44 of 1st period - Shot by Jason Robertson.
1:44 of 1st period - Stopped by Brian Elliott without a rebound.
1:45 of 1st period - Zemgus Girgensons wins face-off versus Sean Monahan in SAN JOSE Sharks zone.
1:59 of 1st period - David Pastrnak is hit by Marcus Pettersson and loses puck.
2:02 of 1st period - Shot by Kris Letang.
2:02 of 1st period - Stopped by Brian Elliott without a rebound.
2:03 of 1st period - Zemgus Girgensons wins face-off versus Auston Matthews in SAN JOSE Sharks zone.
2:12 of 1st period - Shot by Jason Robertson.
2:12 of 1st period - Stopped by Brian Elliott with a rebound.
2:14 of 1st period - Shot by Samuel Girard.
2:14 of 1st period - Stopped by Brian Elliott without a rebound.
2:15 of 1st period - Sean Monahan wins face-off versus Derek Stepan in SAN JOSE Sharks zone.
2:22 of 1st period - Shot by Artemi Panarin.
2:22 of 1st period - Stopped by Brian Elliott without a rebound.
2:23 of 1st period - Zemgus Girgensons wins face-off versus Sean Monahan in SAN JOSE Sharks zone.
2:44 of 1st period - Shot by Jamie Drysdale.
2:44 of 1st period - Shot Misses the Net.
2:50 of 1st period - Shot by David Pastrnak.
2:50 of 1st period - Shot Misses the Net.
3:16 of 1st period - Shot by Sean Monahan.
3:16 of 1st period - Shot Misses the Net.
3:32 of 1st period - Shot by Jason Robertson.
3:32 of 1st period - Shot Blocked by Marcus Pettersson.
5:20 of 1st period - Shot by David Pastrnak.
5:20 of 1st period - Deflect By Auston Matthews.
5:20 of 1st period - Shot Misses the Net.
5:28 of 1st period - Shot by Auston Matthews.
5:28 of 1st period - Stopped by Brian Elliott with a rebound.
5:46 of 1st period - Lucas Raymond is hit by Auston Matthews and loses puck.
6:50 of 1st period - Minor Penalty to Vincent Desharnais for Tripping.
6:50 of 1st period - Minor Penalty to Wyatt Johnston for Holding.
6:51 of 1st period - Sean Monahan wins face-off versus Zemgus Girgensons in SAN JOSE Sharks zone.
7:18 of 1st period - Shot by Auston Matthews.
7:18 of 1st period - Stopped by Brian Elliott without a rebound.
7:19 of 1st period - Zemgus Girgensons wins face-off versus David Pastrnak in SAN JOSE Sharks zone.
7:29 of 1st period - Icing by Samuel Girard.
7:30 of 1st period - David Pastrnak wins face-off versus Derek Stepan in SEATTLE Kraken zone.
7:41 of 1st period - Shot by Jason Robertson.
7:41 of 1st period - Shot Misses the Net.
8:25 of 1st period - Off-side.
8:26 of 1st period - Zemgus Girgensons wins face-off versus Auston Matthews in neutral zone.
9:10 of 1st period - Shot by David Pastrnak.
9:10 of 1st period - Shot Misses the Net.
9:33 of 1st period - Icing by Cody Ceci.
9:34 of 1st period - Michael McLeod wins face-off versus Sean Monahan in SAN JOSE Sharks zone.
9:34 of 1st period - Michael McLeod is hit by Jonathan Drouin.
9:39 of 1st period - Minor Penalty to Sean Monahan for High sticking.
9:40 of 1st period - Brock Boeser wins face-off versus Zemgus Girgensons in SEATTLE Kraken zone.
9:46 of 1st period - Icing by Derek Stepan.
9:47 of 1st period - Brock Boeser wins face-off versus Zemgus Girgensons in SAN JOSE Sharks zone.
10:58 of 1st period - Off-side.
10:59 of 1st period - Brock Boeser wins face-off versus Sean Couturier in neutral zone.
11:52 of 1st period - Shot by David Pastrnak.
11:52 of 1st period - Shot Misses the Net.
12:00 of 1st period - Shot by Samuel Girard.
12:00 of 1st period - Stopped by Brian Elliott without a rebound.
12:01 of 1st period - Joe Pavelski wins face-off versus Zemgus Girgensons in SAN JOSE Sharks zone.
12:32 of 1st period - Shot by Derek Stepan.
12:32 of 1st period - Stopped by Spencer Knight with a rebound.
14:29 of 1st period - Shot by Artemi Panarin.
14:29 of 1st period - Shot Misses the Net.
14:33 of 1st period - Shot by Artemi Panarin.
14:33 of 1st period - Stopped by Brian Elliott without a rebound.
14:34 of 1st period - Joe Pavelski wins face-off versus Michael McLeod in SAN JOSE Sharks zone.
14:43 of 1st period - Shot by Joe Pavelski.
14:43 of 1st period - Shot Misses the Net.
14:46 of 1st period - Icing by Michael McLeod.
14:47 of 1st period - Michael McLeod wins face-off versus Wyatt Johnston in SAN JOSE Sharks zone.
14:51 of 1st period - Minor Penalty to Kris Letang for Delaying the game.
14:52 of 1st period - Zemgus Girgensons wins face-off versus Joe Pavelski in SEATTLE Kraken zone.
14:59 of 1st period - Shot by Zemgus Girgensons.
14:59 of 1st period - Shot Blocked by Alec Martinez.
15:01 of 1st period - Shot by Marcus Pettersson.
15:01 of 1st period - Shot Blocked by Jani Hakanpaa.
15:03 of 1st period - Shot by Derek Stepan.
15:03 of 1st period - Shot Hit the Post.
15:05 of 1st period - Shot by Rasmus Ristolainen.
15:05 of 1st period - Shot Hit the Post.
15:15 of 1st period - Shot by Derek Stepan.
15:15 of 1st period - Shot Misses the Net.
15:17 of 1st period - Shot by Marcus Pettersson.
15:17 of 1st period - Shot Misses the Net.
15:37 of 1st period - Shot by Ondrej Palat.
15:37 of 1st period - Shot Misses the Net.
16:42 of 1st period - Icing by Rasmus Ristolainen.
16:43 of 1st period - Zemgus Girgensons wins face-off versus Sean Monahan in SAN JOSE Sharks zone.
16:43 of 1st period - Zemgus Girgensons is hit by Jason Robertson.
17:12 of 1st period - Shot by Lucas Raymond.
17:12 of 1st period - Stopped by Spencer Knight without a rebound.
17:13 of 1st period - Josh Anderson wins face-off versus Joe Pavelski in SEATTLE Kraken zone.
17:13 of 1st period - Brendan Perlini is hit by Samuel Girard and loses puck.
17:14 of 1st period - Brendan Perlini from SAN JOSE Sharks is injured at 17:14 of 1st period (Fractured Metatarsal (Right Foot)).
17:15 of 1st period - Michael McLeod wins face-off versus Artemi Panarin in SEATTLE Kraken zone.
17:23 of 1st period - Icing by Samuel Girard.
17:24 of 1st period - Auston Matthews wins face-off versus Zemgus Girgensons in SEATTLE Kraken zone.
17:34 of 1st period - Minor Penalty to Auston Matthews for Tripping.
17:35 of 1st period - Sean Monahan wins face-off versus Zemgus Girgensons in SEATTLE Kraken zone.
17:35 of 1st period - Sean Monahan is hit by Ondrej Palat.
17:51 of 1st period - Shot by Ondrej Palat.
17:51 of 1st period - Stopped by Spencer Knight without a rebound.
17:52 of 1st period - Sean Couturier wins face-off versus Sean Monahan in SEATTLE Kraken zone.
17:53 of 1st period - Shot by Christian Jaros.
17:53 of 1st period - Shot Misses the Net.
17:55 of 1st period - Shot by Christian Jaros.
17:55 of 1st period - Goal by Christian Jaros - SEATTLE Kraken : 0 - SAN JOSE Sharks : 1.
17:56 of 1st period - Zemgus Girgensons wins face-off versus Auston Matthews in neutral zone.
18:05 of 1st period - Shot by Ondrej Palat.
18:05 of 1st period - Shot Blocked by Kris Letang.
18:40 of 1st period - Auston Matthews is hit by Rasmus Ristolainen and loses puck.
18:44 of 1st period - Icing by Zemgus Girgensons.
18:45 of 1st period - Sean Monahan wins face-off versus Zemgus Girgensons in SAN JOSE Sharks zone.
19:47 of 1st period - Shot by Tom Wilson.
19:47 of 1st period - Stopped by Spencer Knight without a rebound.
19:48 of 1st period - Auston Matthews wins face-off versus Erik Haula in SEATTLE Kraken zone.
19:48 of 1st period - David Pastrnak is hit by Erik Haula and loses puck.
Goals for this period are 0 for SEATTLE Kraken vs 1 for SAN JOSE Sharks .
Shots for this period are 10 for SEATTLE Kraken vs 7 for SAN JOSE Sharks .

2nd period


0:01 of 2nd period - Zemgus Girgensons wins face-off versus Auston Matthews in neutral zone.
0:09 of 2nd period - Artemi Panarin is hit by Nathan Beaulieu and loses puck.
0:31 of 2nd period - Icing by Ondrej Palat.
0:32 of 2nd period - Sean Monahan wins face-off versus Zemgus Girgensons in SAN JOSE Sharks zone.
0:32 of 2nd period - Jason Robertson is hit by Christian Jaros and loses puck.
0:41 of 2nd period - Shot by Jason Robertson.
0:41 of 2nd period - Deflect By Sean Monahan.
0:41 of 2nd period - Goal by Sean Monahan - SEATTLE Kraken : 1 - SAN JOSE Sharks : 1.
0:42 of 2nd period - Sean Couturier wins face-off versus Sean Monahan in neutral zone.
0:47 of 2nd period - Shot by Mike Hoffman.
0:47 of 2nd period - Stopped by Spencer Knight without a rebound.
0:48 of 2nd period - Auston Matthews wins face-off versus Sean Couturier in SEATTLE Kraken zone.
1:46 of 2nd period - Icing by Kris Letang.
1:47 of 2nd period - Zemgus Girgensons wins face-off versus Auston Matthews in SEATTLE Kraken zone.
1:53 of 2nd period - Minor Penalty to Ondrej Palat for Interference.
1:54 of 2nd period - Auston Matthews wins face-off versus Josh Anderson in SAN JOSE Sharks zone.
2:39 of 2nd period - Shot by Kris Letang.
2:39 of 2nd period - Stopped by Brian Elliott without a rebound.
2:40 of 2nd period - Sean Monahan wins face-off versus Zemgus Girgensons in SAN JOSE Sharks zone.
3:04 of 2nd period - Sean Monahan is hit by Nathan Beaulieu and loses puck.
3:12 of 2nd period - Icing by Wyatt Johnston.
3:13 of 2nd period - Zemgus Girgensons wins face-off versus Sean Monahan in SEATTLE Kraken zone.
3:13 of 2nd period - Christian Jaros is hit by Kris Letang and loses puck.
3:58 of 2nd period - Shot by Alex Ovechkin.
3:58 of 2nd period - Stopped by Brian Elliott without a rebound.
3:59 of 2nd period - Sean Couturier wins face-off versus Sean Monahan in SAN JOSE Sharks zone.
4:18 of 2nd period - Shot by Sean Couturier .
4:18 of 2nd period - Shot Misses the Net.
4:36 of 2nd period - Shot by Sean Couturier .
4:36 of 2nd period - Shot Misses the Net.
4:38 of 2nd period - Shot by Tom Wilson.
4:38 of 2nd period - Goal by Tom Wilson - SEATTLE Kraken : 1 - SAN JOSE Sharks : 2.
4:39 of 2nd period - Erik Haula wins face-off versus Joe Pavelski in neutral zone.
4:50 of 2nd period - Shot by Connor Brown.
4:50 of 2nd period - Shot Misses the Net.
4:56 of 2nd period - Erik Haula is hit by Alex Ovechkin and loses puck.
5:09 of 2nd period - Shot by Joe Pavelski.
5:09 of 2nd period - Deflect By David Pastrnak.
5:09 of 2nd period - Shot Misses the Net.
5:11 of 2nd period - Shot by Alex Ovechkin.
5:11 of 2nd period - Shot Misses the Net.
5:13 of 2nd period - Shot by David Pastrnak.
5:13 of 2nd period - Stopped by Brian Elliott without a rebound.
5:14 of 2nd period - Zemgus Girgensons wins face-off versus Auston Matthews in SAN JOSE Sharks zone.
5:37 of 2nd period - Minor Penalty to Rasmus Ristolainen for Cross-checking.
5:38 of 2nd period - Auston Matthews wins face-off versus Zemgus Girgensons in SAN JOSE Sharks zone.
6:11 of 2nd period - Shot by Jason Robertson.
6:11 of 2nd period - Shot Misses the Net.
6:44 of 2nd period - Off-side.
6:45 of 2nd period - Sean Monahan wins face-off versus Zemgus Girgensons in neutral zone.
6:59 of 2nd period - David Pastrnak is hit by Nathan Beaulieu and loses puck.
7:04 of 2nd period - Shot by Sean Monahan.
7:04 of 2nd period - Shot Misses the Net.
7:06 of 2nd period - Shot by Sean Monahan.
7:06 of 2nd period - Shot Misses the Net.
7:08 of 2nd period - Shot by David Pastrnak.
7:08 of 2nd period - Stopped by Brian Elliott without a rebound.
7:09 of 2nd period - Zemgus Girgensons wins face-off versus Jason Robertson in SAN JOSE Sharks zone.
7:09 of 2nd period - Zemgus Girgensons is hit by Auston Matthews.
7:38 of 2nd period - Shot by Jason Robertson.
7:38 of 2nd period - Stopped by Brian Elliott without a rebound.
7:39 of 2nd period - Sean Monahan wins face-off versus Sean Couturier in SAN JOSE Sharks zone.
7:48 of 2nd period - Alec Martinez is hit by Tom Wilson and loses puck.
8:07 of 2nd period - Shot by Nathan Beaulieu.
8:07 of 2nd period - Shot Misses the Net.
9:24 of 2nd period - Off-side.
9:25 of 2nd period - Auston Matthews wins face-off versus Zemgus Girgensons in neutral zone.
10:00 of 2nd period - Shot by Zemgus Girgensons.
10:00 of 2nd period - Stopped by Spencer Knight with a rebound.
10:37 of 2nd period - Jason Robertson is hit by Nathan Beaulieu.
11:16 of 2nd period - Icing by Brock Boeser.
11:17 of 2nd period - Joe Pavelski wins face-off versus Erik Haula in SEATTLE Kraken zone.
11:24 of 2nd period - Shot by Brock Boeser.
11:24 of 2nd period - Stopped by Brian Elliott without a rebound.
11:25 of 2nd period - Michael McLeod wins face-off versus Auston Matthews in SAN JOSE Sharks zone.
11:53 of 2nd period - Icing by Marcus Pettersson.
11:54 of 2nd period - Sean Monahan wins face-off versus Michael McLeod in SAN JOSE Sharks zone.
11:54 of 2nd period - Sean Monahan is hit by Rasmus Ristolainen.
11:56 of 2nd period - Shot by Samuel Girard.
11:56 of 2nd period - Shot Misses the Net.
12:09 of 2nd period - Icing by Sean Monahan.
12:10 of 2nd period - Sean Monahan wins face-off versus Zemgus Girgensons in SEATTLE Kraken zone.
12:30 of 2nd period - Jonathan Drouin is hit by Christian Jaros and loses puck.
12:44 of 2nd period - Minor Penalty to Ondrej Palat for Cross-checking.
12:45 of 2nd period - Auston Matthews wins face-off versus Zemgus Girgensons in SAN JOSE Sharks zone.
13:02 of 2nd period - Shot by Rasmus Dahlin.
13:02 of 2nd period - Shot Misses the Net.
13:04 of 2nd period - Shot by Samuel Girard.
13:04 of 2nd period - Shot Misses the Net.
14:18 of 2nd period - Shot by Rasmus Dahlin.
14:18 of 2nd period - Shot Blocked by Nathan Beaulieu.
14:20 of 2nd period - Shot by Jani Hakanpaa.
14:20 of 2nd period - Shot Blocked by Nathan Beaulieu.
14:22 of 2nd period - Shot by Andrei Kuzmenko.
14:22 of 2nd period - Stopped by Brian Elliott without a rebound.
14:23 of 2nd period - Zemgus Girgensons wins face-off versus Jason Robertson in SAN JOSE Sharks zone.
14:38 of 2nd period - Christian Jaros is hit by Auston Matthews.
14:42 of 2nd period - Shot by Jamie Drysdale.
14:42 of 2nd period - Shot Misses the Net.
14:44 of 2nd period - Shot by Auston Matthews.
14:44 of 2nd period - Goal by Auston Matthews - SEATTLE Kraken : 2 - SAN JOSE Sharks : 2.
14:45 of 2nd period - Joe Pavelski wins face-off versus Sean Couturier in neutral zone.
15:50 of 2nd period - Shot by Lucas Raymond.
15:50 of 2nd period - Stopped by Spencer Knight without a rebound.
15:51 of 2nd period - Zemgus Girgensons wins face-off versus Auston Matthews in SEATTLE Kraken zone.
15:59 of 2nd period - Derek Stepan is hit by Jamie Drysdale and loses puck.
16:13 of 2nd period - Ondrej Palat is hit by Artemi Panarin and loses puck.
16:27 of 2nd period - Off-side.
16:28 of 2nd period - Erik Haula wins face-off versus Sean Monahan in neutral zone.
16:45 of 2nd period - Shot by Lucas Raymond.
16:45 of 2nd period - Shot Misses the Net.
17:01 of 2nd period - Shot by Lucas Raymond.
17:01 of 2nd period - Stopped by Spencer Knight without a rebound.
17:02 of 2nd period - Auston Matthews wins face-off versus Sean Couturier in SEATTLE Kraken zone.
17:24 of 2nd period - Shot by Auston Matthews.
17:24 of 2nd period - Shot Blocked by Cody Ceci.
17:26 of 2nd period - Shot by Auston Matthews.
17:26 of 2nd period - Goal by Auston Matthews - SEATTLE Kraken : 3 - SAN JOSE Sharks : 2.
17:27 of 2nd period - Derek Stepan wins face-off versus Sean Monahan in neutral zone.
18:02 of 2nd period - Off-side.
18:03 of 2nd period - Sean Couturier wins face-off versus Auston Matthews in neutral zone.
18:18 of 2nd period - David Pastrnak is hit by Nathan Beaulieu and loses puck.
18:21 of 2nd period - Shot by Auston Matthews.
18:21 of 2nd period - Stopped by Brian Elliott without a rebound.
18:22 of 2nd period - Erik Haula wins face-off versus Joe Pavelski in SAN JOSE Sharks zone.
18:31 of 2nd period - Shot by Connor Brown.
18:31 of 2nd period - Shot Misses the Net.
18:45 of 2nd period - Icing by Cody Ceci.
18:46 of 2nd period - Sean Monahan wins face-off versus Erik Haula in SAN JOSE Sharks zone.
19:03 of 2nd period - Shot by Jonathan Drouin.
19:03 of 2nd period - Stopped by Brian Elliott without a rebound.
19:04 of 2nd period - Auston Matthews wins face-off versus Ondrej Palat in SAN JOSE Sharks zone.
19:29 of 2nd period - Shot by Derek Stepan.
19:29 of 2nd period - Deflect By Zemgus Girgensons.
19:29 of 2nd period - Stopped by Spencer Knight with a rebound.
19:31 of 2nd period - Shot by Zemgus Girgensons.
19:31 of 2nd period - Stopped by Spencer Knight without a rebound.
19:32 of 2nd period - Sean Couturier wins face-off versus Jonathan Drouin in SEATTLE Kraken zone.
19:39 of 2nd period - Shot by Tom Wilson.
19:39 of 2nd period - Shot Hit the Post.
19:41 of 2nd period - Shot by Sean Couturier .
19:41 of 2nd period - Stopped by Spencer Knight without a rebound.
19:42 of 2nd period - Sean Monahan wins face-off versus Tom Wilson in SEATTLE Kraken zone.
Goals for this period are 3 for SEATTLE Kraken vs 1 for SAN JOSE Sharks .
Shots for this period are 12 for SEATTLE Kraken vs 8 for SAN JOSE Sharks .

3rd period


0:01 of 3rd period - Zemgus Girgensons wins face-off versus Auston Matthews in neutral zone.
0:13 of 3rd period - Icing by Rasmus Dahlin.
0:14 of 3rd period - Sean Couturier wins face-off versus Auston Matthews in SEATTLE Kraken zone.
1:03 of 3rd period - Icing by Sean Couturier .
1:04 of 3rd period - Sean Couturier wins face-off versus Sean Monahan in SAN JOSE Sharks zone.
1:38 of 3rd period - Shot by Zemgus Girgensons.
1:38 of 3rd period - Deflect By Ondrej Palat.
1:38 of 3rd period - Shot Misses the Net.
1:40 of 3rd period - Shot by Ondrej Palat.
1:40 of 3rd period - Deflect By Derek Stepan.
1:40 of 3rd period - Shot Misses the Net.
2:10 of 3rd period - Alec Martinez is hit by Erik Haula and loses puck.
2:21 of 3rd period - Shot by Lucas Raymond.
2:21 of 3rd period - Stopped by Spencer Knight with a rebound.
2:28 of 3rd period - Off-side.
2:29 of 3rd period - Auston Matthews wins face-off versus Michael McLeod in neutral zone.
2:36 of 3rd period - Icing by Josh Anderson.
2:37 of 3rd period - Michael McLeod wins face-off versus Artemi Panarin in SAN JOSE Sharks zone.
2:46 of 3rd period - Minor Penalty to Michael McLeod for Roughing.
2:47 of 3rd period - Auston Matthews wins face-off versus Zemgus Girgensons in SAN JOSE Sharks zone.
2:52 of 3rd period - Shot by Rasmus Dahlin.
2:52 of 3rd period - Stopped by Brian Elliott without a rebound.
2:53 of 3rd period - Jason Robertson wins face-off versus Zemgus Girgensons in SAN JOSE Sharks zone.
3:07 of 3rd period - Rasmus Dahlin is hit by Christian Jaros and loses puck.
3:21 of 3rd period - Icing by Samuel Girard.
3:22 of 3rd period - Zemgus Girgensons wins face-off versus Auston Matthews in SEATTLE Kraken zone.
3:27 of 3rd period - Shot by Zemgus Girgensons.
3:27 of 3rd period - Stopped by Spencer Knight without a rebound.
3:28 of 3rd period - Zemgus Girgensons wins face-off versus Sean Monahan in SEATTLE Kraken zone.
3:28 of 3rd period - Zemgus Girgensons is hit by Kris Letang.
3:38 of 3rd period - Shot by Ondrej Palat.
3:38 of 3rd period - Deflect By Zemgus Girgensons.
3:38 of 3rd period - Shot Misses the Net.
3:49 of 3rd period - Icing by Jamie Drysdale.
3:50 of 3rd period - Zemgus Girgensons wins face-off versus Sean Monahan in SEATTLE Kraken zone.
4:34 of 3rd period - Jason Robertson is hit by Rasmus Ristolainen and loses puck.
4:59 of 3rd period - Shot by Lucas Raymond.
4:59 of 3rd period - Stopped by Spencer Knight without a rebound.
5:00 of 3rd period - Michael McLeod wins face-off versus Joe Pavelski in SEATTLE Kraken zone.
5:03 of 3rd period - Shot by Connor Brown.
5:03 of 3rd period - The goal is going for a video replay.
5:03 of 3rd period - The goal is refused.
5:04 of 3rd period - Sean Monahan wins face-off versus Erik Haula in SEATTLE Kraken zone.
5:04 of 3rd period - Sean Monahan is hit by Erik Haula.
5:14 of 3rd period - Shot by Christian Jaros.
5:14 of 3rd period - Stopped by Spencer Knight without a rebound.
5:15 of 3rd period - Auston Matthews wins face-off versus Zemgus Girgensons in SEATTLE Kraken zone.
5:32 of 3rd period - Shot by David Pastrnak.
5:32 of 3rd period - Shot Blocked by Rasmus Ristolainen.
5:34 of 3rd period - Shot by Auston Matthews.
5:34 of 3rd period - Shot Blocked by Marcus Pettersson.
5:36 of 3rd period - Shot by David Pastrnak.
5:36 of 3rd period - Stopped by Brian Elliott without a rebound.
5:37 of 3rd period - Sean Monahan wins face-off versus Sean Couturier in SAN JOSE Sharks zone.
5:47 of 3rd period - Sean Monahan is hit by Nathan Beaulieu and loses puck.
6:08 of 3rd period - Minor Penalty to Nathan Beaulieu for Tripping.
6:09 of 3rd period - Zemgus Girgensons wins face-off versus Auston Matthews in SAN JOSE Sharks zone.
6:17 of 3rd period - Off-side.
6:18 of 3rd period - Zemgus Girgensons wins face-off versus Auston Matthews in neutral zone.
7:53 of 3rd period - Shot by Tom Wilson.
7:53 of 3rd period - Stopped by Spencer Knight without a rebound.
7:54 of 3rd period - Auston Matthews wins face-off versus Zemgus Girgensons in SEATTLE Kraken zone.
7:59 of 3rd period - Shot by David Pastrnak.
7:59 of 3rd period - Deflect By Jason Robertson.
7:59 of 3rd period - Shot Misses the Net.
8:01 of 3rd period - Shot by Kris Letang.
8:01 of 3rd period - Stopped by Brian Elliott with a rebound.
8:15 of 3rd period - Shot by Alex Ovechkin.
8:15 of 3rd period - Deflect By David Pastrnak.
8:15 of 3rd period - Stopped by Brian Elliott without a rebound.
8:16 of 3rd period - Erik Haula wins face-off versus Joe Pavelski in SAN JOSE Sharks zone.
8:20 of 3rd period - Off-side.
8:21 of 3rd period - Joe Pavelski wins face-off versus Sean Couturier in neutral zone.
9:13 of 3rd period - Off-side.
9:14 of 3rd period - Sean Monahan wins face-off versus Derek Stepan in neutral zone.
9:14 of 3rd period - Jonathan Drouin is hit by Zemgus Girgensons and loses puck.
9:19 of 3rd period - Kris Letang is hit by Zemgus Girgensons and loses puck.
9:30 of 3rd period - Shot by Jason Robertson.
9:30 of 3rd period - Shot Blocked by Marcus Pettersson.
9:51 of 3rd period - Shot by Kris Letang.
9:51 of 3rd period - Shot Misses the Net.
9:53 of 3rd period - Shot by Rasmus Dahlin.
9:53 of 3rd period - Shot Misses the Net.
9:58 of 3rd period - Icing by Marcus Pettersson.
9:59 of 3rd period - Zemgus Girgensons wins face-off versus Auston Matthews in SAN JOSE Sharks zone.
10:28 of 3rd period - Shot by Connor Brown.
10:28 of 3rd period - Shot Hit the Post.
11:07 of 3rd period - Minor Penalty to Nathan Beaulieu for Tripping.
11:08 of 3rd period - Jason Robertson wins face-off versus Zemgus Girgensons in SAN JOSE Sharks zone.
11:09 of 3rd period - Shot by Rasmus Dahlin.
11:09 of 3rd period - Goal by Rasmus Dahlin - SEATTLE Kraken : 4 - SAN JOSE Sharks : 2.
11:10 of 3rd period - Sean Couturier wins face-off versus Sean Monahan in neutral zone.
11:19 of 3rd period - Rasmus Dahlin is hit by Tom Wilson and loses puck.
11:30 of 3rd period - Shot by Jason Robertson.
11:30 of 3rd period - Stopped by Brian Elliott without a rebound.
11:31 of 3rd period - Zemgus Girgensons wins face-off versus Joe Pavelski in SAN JOSE Sharks zone.
11:46 of 3rd period - Shot by Derek Stepan.
11:46 of 3rd period - Shot Misses the Net.
11:48 of 3rd period - Shot by Derek Stepan.
11:48 of 3rd period - Shot Misses the Net.
11:55 of 3rd period - Derek Stepan is hit by Jani Hakanpaa and loses puck.
11:56 of 3rd period - Derek Stepan from SAN JOSE Sharks is injured at 11:56 of 3rd period (Strained Right Knee).
11:57 of 3rd period - Sean Couturier wins face-off versus Sean Monahan in SEATTLE Kraken zone.
13:50 of 3rd period - Off-side.
13:51 of 3rd period - Michael McLeod wins face-off versus Sean Monahan in neutral zone.
13:54 of 3rd period - Alec Martinez is hit by Josh Anderson and loses puck.
14:01 of 3rd period - Shot by Lucas Raymond.
14:01 of 3rd period - Stopped by Spencer Knight without a rebound.
14:02 of 3rd period - Michael McLeod wins face-off versus Sean Monahan in SEATTLE Kraken zone.
14:02 of 3rd period - Michael McLeod is hit by Kris Letang.
14:22 of 3rd period - Shot by Jason Robertson.
14:22 of 3rd period - Goal by Jason Robertson - SEATTLE Kraken : 5 - SAN JOSE Sharks : 2.
14:23 of 3rd period - Joe Pavelski wins face-off versus Sean Couturier in neutral zone.
14:25 of 3rd period - Off-side.
14:26 of 3rd period - Zemgus Girgensons wins face-off versus Sean Monahan in neutral zone.
16:16 of 3rd period - Icing by Alec Martinez.
16:17 of 3rd period - Michael McLeod wins face-off versus Joe Pavelski in SEATTLE Kraken zone.
16:26 of 3rd period - Shot by Josh Anderson.
16:26 of 3rd period - Stopped by Spencer Knight with a rebound.
17:38 of 3rd period - Icing by Kris Letang.
17:39 of 3rd period - Mike Hoffman wins face-off versus Sean Monahan in SEATTLE Kraken zone.
17:57 of 3rd period - Minor Penalty to Christian Jaros for Slashing.
17:58 of 3rd period - Auston Matthews wins face-off versus Zemgus Girgensons in SAN JOSE Sharks zone.
18:03 of 3rd period - Shot by Jason Robertson.
18:03 of 3rd period - Stopped by Brian Elliott with a rebound.
18:05 of 3rd period - Shot by Samuel Girard.
18:05 of 3rd period - Stopped by Brian Elliott without a rebound.
18:06 of 3rd period - Auston Matthews wins face-off versus Zemgus Girgensons in SAN JOSE Sharks zone.
18:09 of 3rd period - Shot by Jason Robertson.
18:09 of 3rd period - Shot Misses the Net.
18:13 of 3rd period - Shot by Jason Robertson.
18:13 of 3rd period - Stopped by Brian Elliott with a rebound.
18:15 of 3rd period - Shot by Kris Letang.
18:15 of 3rd period - Stopped by Brian Elliott without a rebound.
18:16 of 3rd period - Zemgus Girgensons wins face-off versus Sean Monahan in SAN JOSE Sharks zone.
18:56 of 3rd period - Shot by Sean Monahan.
18:56 of 3rd period - Stopped by Brian Elliott with a rebound.
19:18 of 3rd period - Shot by Wyatt Johnston.
19:18 of 3rd period - Goal by Wyatt Johnston - SEATTLE Kraken : 6 - SAN JOSE Sharks : 2.
19:19 of 3rd period - Erik Haula wins face-off versus Joe Pavelski in neutral zone.
19:21 of 3rd period - Off-side.
19:22 of 3rd period - Joe Pavelski wins face-off versus Sean Couturier in neutral zone.
19:38 of 3rd period - Icing by Alec Martinez.
19:39 of 3rd period - Zemgus Girgensons wins face-off versus Joe Pavelski in SEATTLE Kraken zone.
19:54 of 3rd period - Shot by Alex Ovechkin.
19:54 of 3rd period - Shot Hit the Post.
19:58 of 3rd period - Shot by Alex Ovechkin.
19:58 of 3rd period - Shot Blocked by Christian Jaros.
Goals for this period are 3 for SEATTLE Kraken vs 0 for SAN JOSE Sharks .
Shots for this period are 13 for SEATTLE Kraken vs 8 for SAN JOSE Sharks .